 Dungeon Crawl Stone Soup version 0.31-a0-986-g5e6e4ef867 (webtiles) character file.

Game seed: 12538997090264702641

161 LeprechaunX the Changeling (level 5, -4/35 HPs)
             Began as an Octopode Shapeshifter on Nov 18, 2023.
             Was an Initiate of Gozag.
             Slain by a black bear (5 damage)
             ... on level 4 of the Dungeon.
             The game lasted 00:03:06 (2202 turns).

LeprechaunX the Changeling (Octopode Shapeshifter)  Turns: 2202, Time: 00:03:08

Health: -4/35      AC:  1    Str: 13    XL:     5   Next: 42%
Magic:  5/5        EV: 13    Int: 12    God:    Gozag
Gold:   568        SH:  5    Dex: 14    Spells: 4/4 levels left

rFire   . .          .
                       - Unarmed
rCold   + . .        (no shield)
rNeg    . . .        (helmet currently unavailable)
rPois   .            n - amulet of reflection
rElec   .            h - ring of protection from cold
rCorr   .            (no ring)
SInv    .            (no ring)
Will    .....        (no ring)
Stlth   ++           (no ring)
HPRegen 0.25/turn    (no ring)
MPRegen 0.09/turn    (no ring)
                     (no ring)

%: reflection
@: beast-form
A: beast (slay +2), almost no armour, amphibious, 8 rings, camouflage 1,
gelatinous body 1, (nimble swimmer 1), tentacles
a: Begin Untransformation, Renounce Religion, Potion Petition, Call Merchant,
Bribe Branch


You were on level 4 of the Dungeon.
You worshipped Gozag.
Gozag was pleased with you.
You were a hulking beast.
You visited 1 branch of the dungeon, and saw 4 of its levels.

You collected 568 gold pieces.

Inventory:

Hand Weapons
 a - a +0 arbalest
Missiles
 e - a throwing net
Jewellery
 h - a ring of protection from cold (left tentacle)
 m - a ring of ice
 n - an amulet of reflection (around mantle)
 q - a ring of ice
Talismans
 b - a beast talisman
 c - a flux talisman
 k - a blade talisman
Scrolls
 d - 4 scrolls of identify {unknown}
 f - a scroll of poison {unknown}
 i - a scroll of brand weapon {unknown}
 o - a scroll of amnesia {unknown}
 p - a scroll of noise {unknown}
 r - a scroll of immolation {unknown}
Potions
 g - 4 potions of enlightenment {unknown}
 j - a potion of cancellation {unknown}
 l - 2 potions of lignification
 s - a potion of attraction {unknown}


   Skills:
 + Level 2.5 Fighting
 + Level 0.2 Throwing
 - Level 2.0 Dodging
 + Level 3.9 Unarmed Combat
 * Level 4.4 Shapeshifting


You had 4 spell levels left.
You didn't know any spells.
Your spell library was empty.

Dungeon Overview and Level Annotations

Branches:
Dungeon (4/15)
 Temple: D:4-7

Altars:
Gozag


Innate Abilities, Weirdness & Mutations

You are a hulking beast.
Your limbs bulge with bestial killing power. (Slay +2)
You cannot wear most types of armour.
You are amphibious.
You can wear up to eight rings at the same time.
Your skin changes colour to match your surroundings (Stealth+).
Your rubbery body absorbs attacks. (AC +1, EV +1)
((You are camouflaged when in or above water. (Stealth+)))
You have tentacles for arms and can constrict up to eight enemies at once.


Message History

Fire: a) +0 arbalest
Press: ? - help, Q - select action, (/) - cycle Shift-Dir - straight line, f/p - black bear
Aim: a black bear (65% to hit)
You shoot a bolt. The bolt closely misses the black bear.
Unknown command.
You are now empty-tentacled.
You closely miss the black bear. You grab the black bear.
You constrict the black bear. You block the black bear's attack.
The black bear claws you. x2
You tentacle-slap the black bear but do no damage.
The black bear is lightly wounded.
You constrict the black bear, but do no damage.
The black bear bites you. The black bear claws you.
The black bear closely misses you.
You bludgeon the black bear!
The black bear is moderately wounded.
You constrict the black bear. The black bear bites you.
You block the black bear's attack. The black bear claws you.
You are too injured to fight recklessly!
You are too injured to fight recklessly!
You are too injured to fight recklessly!
You are too injured to fight recklessly!
You are too injured to fight recklessly!
You tentacle-slap the black bear but do no damage.
You tentacle-slap the black bear!
The black bear is heavily wounded.
You constrict the black bear. The black bear barely misses you.
The black bear claws you. You block the black bear's attack.
You tentacle-slap the black bear but do no damage.
The black bear is severely wounded.
You constrict the black bear.
The black bear goes berserk!
You tentacle-slap the black bear but do no damage.
The black bear is severely wounded.
You constrict the black bear. The black bear bites you.
* * * LOW HITPOINT WARNING * * *
The black bear claws you.
* * * LOW HITPOINT WARNING * * *
The black bear claws you.
You die...
Your body crumbles into a pile of gold.

....# ####.#### .>###
#...# ### #...# ## #...#
.###### ##.#########
......# #.....<.#..
.##.#.# #..####.#.# ##.#
.##.#.###..####.#.##....>
...........#....hh.......
#.#.#.###.##.##.#.##.....
......##......#.#.##.....
....####........#........
...## #.###.....###.....
...# #.# #.....# ####
..^#####.#
##....#########
.........#
##............#
..####..###.............#


You could see a black bear (berserk).

Vanquished Creatures
  An iguana (D:4)
  Natasha (thrice) (D:3)
  An adder (D:2)
  2 worms
  A dart slug (D:1)
  5 ball pythons
  4 endoplasms
  2 giant cockroaches (D:1)
  5 goblins
  4 hobgoblins
  4 kobolds
  2 quokkas
  6 bats
  A frilled lizard (D:2)
  4 rats
45 creatures vanquished.

Notes
Turn   | Place    | Note
-------+----------+-------------------------------------------
     0 | D:1      | LeprechaunX the Octopode Shapeshifter began the quest for
                  | the Orb.
     0 | D:1      | Reached XP level 1. HP: 13/13 MP: 1/1
   116 | D:1      | Found a faded altar of an unknown god.
   130 | D:1      | Prayed at the altar of an unknown god.
   130 | D:1      | Became a worshipper of Gozag Ym Sagoz the Greedy
   195 | D:1      | Reached XP level 2. HP: 18/18 MP: 2/2
   699 | D:2      | Reached XP level 3. HP: 17/24 MP: 3/3
  1436 | D:3      | Noticed Natasha
  1440 | D:3      | Killed Natasha
  1441 | D:3      | Reached skill level 4 in Shapeshifting
  1441 | D:3      | Reached XP level 4. HP: 22/29 MP: 4/4
  1654 | D:3      | Noticed Natasha
  1659 | D:3      | Killed Natasha
  1884 | D:3      | Noticed Natasha
  1889 | D:3      | Killed Natasha
  1890 | D:3      | Reached XP level 5. HP: 28/35 MP: 5/5
  2191 | D:4      | Noticed a black bear
  2202 | D:4      | HP: 1/35 [black bear (5)]
  2202 | D:4      | Slain by a black bear

Illustrated notes

Levels and vault maps discovered:
D:1:      arrival_zaba_pyramid, layout_basic,
          ebering_ecumenical_altar_sacrificial, st_stairs_8
D:2:      layout_rooms, grunt_ministairs_3
D:3:      layout_basic, uniq_natasha
D:4:      layout_loops_cross, ebering_ghost_rock_garden, nicolae_zig_zag_zippers

Skill      XL: |  1  2  3 |
---------------+----------+-----
Fighting       | 2 |  2.5
Shapeshifting  | 4 |  4.4
Throwing       | |  0.2
Dodging        | |  2.0
Unarmed Combat | |  3.9

Action                     |  1- 3 |  4- 6 || total
---------------------------+-------+-------++-------
  Melee: Unarmed           |    71 |    23 ||    94
         Constrict         |    17 |     8 ||    25
         Tentacles         |     7 |     5 ||    12
         Punch             |       |     2 ||     2
   Fire: Arbalest          |       |     2 ||     2
   Stab: Sleeping          |     7 |     1 ||     8
 Armour: Skin              |    21 |    16 ||    37
  Dodge: Dodged            |    37 |     3 ||    40
  Block: Other             |       |     5 ||     5

Table legend: (Time is in decaauts)
 A = Elapsed time spent in this place.
 B = Non-inter-level travel time spent in this place.
 C = Inter-level travel time spent in this place.
 D = Time resting spent in this place.
 E = Time spent auto-exploring this place.
 F = Levels seen in this place.
 G = Mean time per level.
                   A        B        C        D        E       F      G
               +--------+--------+--------+--------+--------+-----+--------+
         Total |   2195 |   2034 |    161 |      0 |   1729 |   4 |  548.8 |
       Dungeon |   2195 |   2034 |    161 |      0 |   1729 |   4 |  548.8 |
               +--------+--------+--------+--------+--------+-----+--------+

Top non-repeatable levels by time:
     D:2: 683 daAuts
     D:3: 667 daAuts
     D:1: 666 daAuts
     D:4: 178 daAuts
